 Dungeon Crawl Stone Soup version 0.29.1-15-g9cfb28693d (webtiles) character file.

Game seed: 10843106675250257646

63 bnorton916 the Magician (level 3, -1/19 HPs)
             Began as a Deep Elf Fire Elementalist on Feb 27, 2023.
             Slain by a gnoll
             ... wielding a +0 flail
              (11 damage)
             ... on level 2 of the Dungeon.
             The game lasted 00:01:24 (1333 turns).

bnorton916 the Magician (DEFE)                      Turns: 1333, Time: 00:01:25

Health: -1/19      AC:  2    Str:  5    XL:     3   Next: 89%
Magic:  10/10      EV: 12    Int: 21    God:
Gold:   68         SH:  0    Dex: 15    Spells: 9/10 levels left

rFire   . . .      SeeInvis .   (no weapon)
rCold   . . .      Faith    .   (no shield)
rNeg    . . .      Spirit   .   a - +0 robe
rPois   .          Reflect  .   (no helmet)
rElec   .          Harm     .   (no cloak)
rCorr   .          Rampage  .   (no gloves)
Will    .....                   (no boots)
Stlth   ++........              (no amulet)
HPRegen 0.06/turn               (no ring)
MPRegen 0.12/turn               (no ring)

@: no status effects
A: no striking features
a: no special abilities


You were on level 2 of the Dungeon.
You visited 1 branch of the dungeon, and saw 2 of its levels.

You collected 68 gold pieces.

Inventory:

Missiles
 h - 6 atropa-tipped darts
Armour
 a - a +0 robe (worn)
Scrolls
 e - a scroll of torment {unknown}
 j - a scroll of identify {unknown}
 k - a scroll of noise {unknown}
Potions
 b - a potion of magic
 c - a potion of curing {unknown}
 d - a potion of heal wounds
 f - a potion of flight {unknown}
 g - a potion of ambrosia {unknown}
 i - a potion of brilliance {unknown}


   Skills:
 - Level 2.4 Dodging
 - Level 2.4 Stealth
 + Level 4.1 Spellcasting
 + Level 2.5 Conjurations
 + Level 4.0 Fire Magic


You had 9 spell levels left.
You knew the following spells:

 Your Spells              Type           Power      Damage    Failure   Level
a - Foxfire               Conj/Fire      72%        2x1d7     3%          1

Your spell library contained the following spells:

 Spells                   Type           Power      Damage    Failure   Level
 Scorch                   Fire           42%        2d7       3%          2
 Conjure Flame            Conj/Fire      18%        6-21      9%          3
 Inner Flame              Hex/Fire       12%        N/A       16%         3
 Flame Wave               Conj/Fire      18%        2d7       30%         4


Dungeon Overview and Level Annotations

Branches:
Dungeon (2/15)

Altars:


Message History

Casting: Foxfire (safe; 3% risk of failure)
Confirm with . or Enter, or press ? or * to list all spells.
You miscast Foxfire.
You are very lightly contaminated with residual magic.
Nothing appears to happen.
Your magical contamination has completely faded away.
Found a chain mail.
A gnoll comes into view. It is wielding a +0 flail.
Casting: Foxfire (safe; 3% risk of failure)
Confirm with . or Enter, or press ? or * to list all spells.
You conjure some foxfire!
The gnoll shouts!
A gnoll comes into view. It is wielding a +1 antimagic spear.
Your foxfire dissipates!
Your foxfire dissipates!
Casting: Foxfire (safe; 3% risk of failure)
Confirm with . or Enter, or press ? or * to list all spells.
You conjure some foxfire!
The foxfire hits the gnoll.
The gnoll is moderately wounded.
The foxfire hits the gnoll but does no damage.
The gnoll is moderately wounded.
The gnoll attacks as you move away! The gnoll hits you with a +0 flail!
The gnoll attacks as you move away! The gnoll hits you with a +0 flail!
* * * LOW HITPOINT WARNING * * *
Casting: Foxfire (safe; 3% risk of failure)
Confirm with . or Enter, or press ? or * to list all spells.
You don't know that spell.
The gnoll attacks as you move away! The gnoll barely misses you.
The gnoll attacks as you move away! The gnoll hits you with a +0 flail.
* * * LOW HITPOINT WARNING * * *
The gnoll attacks as you move away! The gnoll hits you but does no damage.
The gnoll attacks as you move away! The gnoll closely misses you.
The gnoll attacks as you move away! The gnoll closely misses you.
It was a potion of heal wounds.
You feel much better. The gnoll hits you with a +0 flail!
There is a stone staircase leading down here.
The gnoll hits you with a +0 flail!
Ouch! That really hurt!
You die...

..##.##.##.#..## ..
..##.##.##....####.##
..##.##.##..#........
#.##.##.##.##....)...
#.##.##.#..##........
#.##.##.g..##.....[..
#.##.##.##.##........
#.....g.##.#######.#.
#.##..@.##.. .#
#.##.#..##### #
####.......#
#............
#.######..#### #.#
#[... #.# #.... # #.#
#.... .# #.#


You could see 2 gnolls.

Vanquished Creatures
  Jessica (D:2)
  An adder (D:2)
  A dart slug (D:1)
  A ball python (D:2)
  4 bats (D:1)
  3 endoplasms (D:1)
  A goblin (D:1)
  4 hobgoblins (D:1)
  3 jackals (D:1)
  2 kobolds
  3 frilled lizards
  A rat (D:1)
25 creatures vanquished.

Vanquished Creatures (others)
  141 foxfires
141 creatures vanquished.

Grand Total: 166 creatures vanquished

Notes
Turn   | Place    | Note
-------+----------+-------------------------------------------
     0 | D:1      | bnorton916 the Deep Elf Fire Elementalist began the quest
                  | for the Orb.
     0 | D:1      | Reached XP level 1. HP: 10/10 MP: 6/6
   172 | D:1      | Reached XP level 2. HP: 15/15 MP: 5/8
  1045 | D:2      | Found a faded altar of an unknown god.
  1151 | D:2      | Reached XP level 3. HP: 17/19 MP: 5/10
  1197 | D:2      | Noticed Jessica
  1203 | D:2      | Killed Jessica
  1333 | D:2      | Slain by a gnoll

Illustrated notes

Levels and vault maps discovered:
D:1:      co_arrival_square_in_a_square_in_a_square, layout_rooms
D:2:      layout_basic, hellmonk_ecumenical_altar_lost_god, serial_shops, shop,
          basic_altar, uniq_jessica

Skill      XL: |  1  2  3 |
---------------+----------+-----
Conjurations   | 2 |  2.5
Spellcasting   | 4 |  4.1
Fire Magic     | 4 |  4.0
Dodging        | |  2.4
Stealth        | |  2.4

Action                   || total
-------------------------++-------
 Cast: Foxfire           ||    79
  Use: Potion            ||     1
Armor: Robe              ||     1
Dodge: Dodged            ||     4
